[Event "XVII Juros Svente 2020-A"]
[Site "Klaipeda"]
[Date "2020.07.20"]
[Round "1.2"]
[White "Juksta, Karolis"]
[Black "Bazilius, Augustinas"]
[Result "1-0"]
[ECO "A57"]
[WhiteElo "2366"]
[BlackElo "1632"]
[Annotator "RC"]
[PlyCount "68"]
[EventDate "2020.07.20"]
[EventType "tourn"]
[EventCountry "LTU"]
[SourceTitle "playchess.com"]
[Source "ChessBase"]
[SourceQuality "1"]
[TimeControl "40/5400+30:1800+30"]

1. d4 Nf6 2. c4 c5 3. d5 b5 4. cxb5 a6 5. e3 g6 6. Nc3 d6 7. e4 Bg7 8. Nf3 O-O 9. a4 axb5 10. Bxb5 Ba6 11. Bf4 Qa5 12. O-O Nbd7 13. Re1 Qb4 14. Bd2 Qa5 15. h3 Qc7 16. Bc6 Bb7 17. Nb5 Qc8 18. Bxb7 Qxb7 19. Bc3 Nb6 20. b3 Qd7 21. Nd2 Rfc8 22. Nc4 Ra6 23. Qd3 Nxc4 24. Qxc4 Qb7 25. Bxf6 exf6 26. Ra2 Qd7 27. Nd4 Rb6 28. Nc6 Rcxc6 29. dxc6 Qxc6 30. a5 Rb4 31. a6 Rxc4 32. bxc4 Bf8 33. a7 Qa8 34. Rb1 Qxe4 1-0

[Event "XVII Juros Svente 2020-A"]
[Site "Klaipeda"]
[Date "2020.07.20"]
[Round "1.11"]
[White "Greicius, Pijus"]
[Black "Aleidzans, Vadims"]
[Result "1-0"]
[ECO "A05"]
[WhiteElo "1893"]
[BlackElo "1346"]
[Annotator "NA RC"]
[PlyCount "101"]
[EventDate "2020.07.20"]
[EventType "tourn"]
[EventCountry "LTU"]
[SourceTitle "playchess.com"]
[Source "ChessBase"]
[SourceQuality "1"]
[TimeControl "40/5400+30:1800+30"]

1. Nf3 Nf6 2. b3 b6 3. Bb2 Bb7 4. e3 e6 5. c4 c5 6. d4 {[%emt 0:00:40] A30: Symmetrical English: Double Fianchetto and Hedgehog.} d5 7. Bd3 Nc6 8. O-O {[%emt 0:00:31] [#]} Rc8 $146 ({Predecessor:} 8... cxd4 9. exd4 Bd6 10. Nc3 dxc4 11. bxc4 O-O 12. Re1 Ne7 13. Ne5 Rc8 14. Re3 Ng6 {0-1 (29) Kosic,D (2517)-Cori,J (2609) Baku 2016}) 9. a3 a6 (9... cxd4 $11 10. exd4 Bd6) 10. Nbd2 Bd6 (10... cxd4 $11 {keeps the balance.} 11. exd4 (11. Nxd4 dxc4 12. bxc4 Ne5 $11) 11... Bd6) 11. dxc5 Bxc5 12. Qe2 dxc4 13. Nxc4 b5 14. Ncd2 O-O 15. b4 Be7 16. Rfd1 Nd5 17. Nb3 Qb6 18. Rac1 Bf6 19. Nc5 Rfd8 20. Bxf6 Nxf6 21. e4 h6 {[%emt 0:00:51] [#]} (21... Nd7 $11 {remains equal.}) 22. e5 $1 Nd5 $2 (22... Nh7 $16) 23. Qe4 g6 24. Nxe6 Re8 {[%emt 0:10:35] [#]} 25. Nc5 $1 ({Weaker is} 25. Qxd5 Rxe6 26. Be4 Rce8 $16) 25... Nce7 26. Qg4 Rcd8 27. e6 f5 $2 (27... Bc8 {might work better.} 28. Re1 Qd6) 28. Qh4 Kg7 29. Ne5 g5 (29... Bc8 $142 30. Nf7 Bxe6) 30. Qh5 Rf8 {[%emt 0:00:33] [#]} 31. Nf7 $1 {[%emt 0:00:24] Double Attack} Ng8 32. Bxf5 Nf4 33. Qg4 Nf6 34. Nxd8 Nxg4 35. Rd7+ {[%emt 0:09:42] Double Attack} ({And not} 35. Bxg4 Rxd8 36. Nd7 (36. Rxd8 Qxd8 37. Rd1 Bd5 $15) 36... Qa7 $14 {[%mdl 64] Decoy}) 35... Kf6 (35... Kg8 {might work better.} 36. Rxb7 (36. e7 Re8 $14) 36... Ne2+ 37. Kf1 Qd6) 36. Ndxb7 $2 (36. Bxg4 $18 Rxd8 37. e7) 36... Kxf5 37. Re1 ({White should try} 37. e7 $16 Re8 38. Nd6+ Qxd6 39. Rxd6 Ne2+ 40. Kf1 Rxe7 41. Ra1 Nxh2+ 42. Ke1 Nf4+ 43. Kd1) 37... Qc6 38. f3 Ne5 $2 (38... Nf6 $11) 39. Nd6+ Kg6 40. Rxe5 Nh3+ 41. gxh3 Qxf3 42. Nf7 Qxh3 43. Rd3 Qg4+ 44. Kh1 Qf4 45. Re1 Qf2 46. Rg1 Qe2 47. Rdg3 ({But not} 47. Rh3 Kg7 $18) 47... Rc8 $18 48. h4 Rxc5 49. bxc5 Qxe6 50. Nxg5 Qc6+ 51. Kh2 1-0

[Event "XVII Juros Svente 2020-A"]
[Site "Klaipeda"]
[Date "2020.07.21"]
[Round "2.10"]
[White "Viliusis, Neimantas"]
[Black "Pocius, Vaclovas"]
[Result "0-1"]
[ECO "A04"]
[WhiteElo "1461"]
[BlackElo "1714"]
[Annotator "NA RC"]
[PlyCount "123"]
[EventDate "2020.07.20"]
[EventType "tourn"]
[EventCountry "LTU"]
[SourceTitle "playchess.com"]
[Source "ChessBase"]
[SourceQuality "1"]
[TimeControl "40/5400+30:1800+30"]

1. Nf3 b6 2. g3 Bb7 3. Bg2 e5 4. d3 f5 5. O-O d6 6. c4 Nf6 7. Nc3 Be7 8. Qb3 Nc6 9. Nd5 Na5 10. Nxf6+ Bxf6 11. Qc2 g5 12. e4 f4 13. b4 Nc6 14. a3 g4 15. Ne1 f3 16. Nxf3 gxf3 17. Bxf3 Nd4 18. Bh5+ Ke7 19. Qd1 Bc8 20. Be3 Bh3 21. Re1 Ne6 22. Bg4 Bxg4 23. Qxg4 Qg8 24. Qxg8 Raxg8 25. Rac1 c5 26. b5 Bg5 27. Bxg5+ Nxg5 28. Kg2 Rf8 29. Re3 Rf7 30. Ra1 Rhf8 31. Ra2 Nf3 32. a4 Nd4 33. a5 Kd7 34. axb6 axb6 35. Ra7+ Kc8 36. Rxf7 Rxf7 37. f3 Ra7 38. h4 Ra2+ 39. Kf1 Ra3 40. f4 Nc2 41. Rf3 Nb4 42. Ke2 Kd8 43. f5 Ke7 44. g4 Ra2+ 45. Ke1 Rh2 46. Rg3 Rxh4 47. Ke2 Rh2+ 48. Ke1 Kf7 49. g5 Kg7 50. Kd1 Kf7 51. Ke1 Nc2+ 52. Kd1 Nd4 53. Ke1 Ne2 54. Rg4 Nf4 55. Rg3 Rg2 56. Rxg2 Nxg2+ 57. Kf2 Nf4 58. Ke3 Nh3 59. g6+ hxg6 60. fxg6+ Kxg6 61. Kf3 Nf4 62. Ke3 0-1

[Event "XVII Juros Svente 2020-A"]
[Site "Klaipeda"]
[Date "2020.07.21"]
[Round "2.11"]
[White "Bazilius, Augustinas"]
[Black "Piksrys, Rutenis"]
[Result "0-1"]
[ECO "B06"]
[WhiteElo "1632"]
[BlackElo "1532"]
[Annotator "NA RC"]
[PlyCount "76"]
[EventDate "2020.07.20"]
[EventType "tourn"]
[EventCountry "LTU"]
[SourceTitle "playchess.com"]
[Source "ChessBase"]
[SourceQuality "1"]
[TimeControl "40/5400+30:1800+30"]

1. e4 g6 2. d4 Bg7 3. Nc3 d6 4. Be3 Nf6 5. Qd2 Nbd7 6. f3 O-O 7. Bh6 e5 8. Nge2 Nxe4 9. Nxe4 Qh4+ 10. g3 Qxh6 11. f4 exd4 12. O-O-O d5 13. Ng5 c5 14. Nf3 Nf6 15. h3 Ne4 16. Qe1 Re8 17. Nd2 f5 18. Bg2 Bf6 19. g4 Bh4 20. Qf1 Be7 21. gxf5 Bxf5 22. Nxe4 dxe4 23. Ng3 Bd6 24. Nxf5 gxf5 25. Kb1 Kh8 26. Qb5 b6 27. Qd7 Qe6 28. Qb7 Rg8 29. Rhg1 Bxf4 30. Bxe4 Qxe4 31. Qf7 Qe5 32. Rde1 Be3 33. Rgf1 f4 34. b3 Rg7 35. Qc4 Rag8 36. Qa6 Rg2 37. Qa3 Qe4 38. Qb2 f3 0-1

[Event "XVII Juros Svente 2020-A"]
[Site "Klaipeda"]
[Date "2020.07.21"]
[Round "2.12"]
[White "Tolmacevs, Artjoms"]
[Black "Luksas, Jonas"]
[Result "1-0"]
[ECO "B90"]
[WhiteElo "1610"]
[BlackElo "1519"]
[Annotator "NA RC"]
[PlyCount "45"]
[EventDate "2020.07.20"]
[EventType "tourn"]
[EventCountry "LTU"]
[SourceTitle "playchess.com"]
[Source "ChessBase"]
[SourceQuality "1"]
[TimeControl "40/5400+30:1800+30"]

1. e4 c5 2. Nf3 d6 3. d4 cxd4 4. Nxd4 Nf6 5. Nc3 a6 6. Be3 e5 7. Nb3 Be6 8. f3 Nbd7 9. g4 Be7 10. Qd2 O-O 11. O-O-O b5 12. g5 Nh5 13. Nd5 Bxd5 14. exd5 f6 15. gxf6 Bxf6 16. Rg1 g6 17. Bd3 Kf7 18. Qb4 Nb6 19. Qg4 Rg8 20. Qe6+ Kg7 21. Bxg6 hxg6 22. Rxg6+ Kxg6 23. Rg1+ 1-0

[Event "XVII Juros Svente 2020-A"]
[Site "Klaipeda"]
[Date "2020.07.22"]
[Round "3.10"]
[White "Pocius, Vaclovas"]
[Black "Januseviciute, Donata"]
[Result "1-0"]
[ECO "A05"]
[WhiteElo "1714"]
[BlackElo "1520"]
[Annotator "NA RC"]
[PlyCount "47"]
[EventDate "2020.07.20"]
[EventType "tourn"]
[EventCountry "LTU"]
[SourceTitle "playchess.com"]
[Source "ChessBase"]
[SourceQuality "1"]
[TimeControl "40/5400+30:1800+30"]

1. Nf3 Nf6 2. Nc3 d5 3. d4 Bf5 4. Nh4 Bg6 5. Nxg6 hxg6 6. Bg5 e6 7. e4 dxe4 8. Qd2 Bb4 9. Bc4 c6 10. O-O-O Qa5 11. Bxf6 gxf6 12. Qe3 Bxc3 13. bxc3 f5 14. f3 exf3 15. d5 Qb6 16. Qe5 Rh4 17. dxe6 Rxc4 18. Qh8+ Ke7 19. exf7 Qe3+ 20. Kb1 Kxf7 21. Qh7+ Kf6 22. Rd6+ Ke5 23. Qe7+ Kf4 24. g3+ 1-0

[Event "XVII Juros Svente 2020-A"]
[Site "Klaipeda"]
[Date "2020.07.22"]
[Round "3.12"]
[White "Scekaciov, Rostislav"]
[Black "Aleidzans, Vadims"]
[Result "1-0"]
[ECO "A05"]
[WhiteElo "1458"]
[BlackElo "1346"]
[Annotator "NA RC"]
[PlyCount "81"]
[EventDate "2020.07.20"]
[EventType "tourn"]
[EventCountry "LTU"]
[SourceTitle "playchess.com"]
[Source "ChessBase"]
[SourceQuality "1"]
[TimeControl "40/5400+30:1800+30"]

1. Nf3 Nf6 2. c4 c5 3. g3 g6 4. Bg2 Bg7 5. O-O O-O 6. Nc3 Nc6 7. e3 d6 8. d4 Bf5 9. Re1 Nb4 10. e4 Bg4 11. d5 Nd7 12. a3 Na6 13. Bf4 h6 14. h3 Bxf3 15. Qxf3 g5 16. Be3 Nab8 17. Qe2 Nb6 18. f4 gxf4 19. gxf4 N8d7 20. Bf3 Kh8 21. Kh2 e6 22. Rg1 exd5 23. cxd5 Qe7 24. Bg4 Bxc3 25. bxc3 Nf6 26. Bf5 Rae8 27. Rae1 Rg8 28. c4 Rxg1 29. Bxg1 Rg8 30. Bf2 Qe8 31. Bh4 Nh7 32. e5 dxe5 33. fxe5 Qa4 34. e6 fxe6 35. Qe5+ Rg7 36. Rg1 Ng5 37. Bxg5 Nd7 38. Qxe6 hxg5 39. Qh6+ Kg8 40. Be6+ Kf8 41. Qh8+ 1-0

[Event "XVII Juros Svente 2020-A"]
[Site "Klaipeda"]
[Date "2020.07.23"]
[Round "4.9"]
[White "Bazilius, Augustinas"]
[Black "Greicius, Pijus"]
[Result "0-1"]
[ECO "A06"]
[WhiteElo "1632"]
[BlackElo "1893"]
[Annotator "NA RC"]
[PlyCount "80"]
[EventDate "2020.07.20"]
[EventType "tourn"]
[EventCountry "LTU"]
[SourceTitle "playchess.com"]
[Source "ChessBase"]
[SourceQuality "1"]
[TimeControl "40/5400+30:1800+30"]

1. Nf3 d5 2. g3 Nf6 3. Bg2 c6 4. O-O Bf5 5. d4 e6 6. c4 Nbd7 {[%emt 0:01:22] The main line 6...Nbd7 scores better than 6...Be7.} 7. Nc3 Bd6 8. Nd2 {[%emt 0:01:49] D11: Slav Defence: 3 Nf3 sidelines and 3...Nf6 4 e3 Bg4.} O-O 9. e4 dxe4 10. Ndxe4 Bc7 {[%emt 0:00:44] [#]} 11. f4 $146 ({Predecessor:} 11. Be3 Nxe4 12. Nxe4 Nf6 13. Nxf6+ Qxf6 14. Qb3 Rab8 15. d5 Be5 16. Bxa7 Rbc8 17. Qxb7 {0-1 (55) Beaskoa Estany,G (2100)-Vera Siguenas,D (2525) Barcelona 2017}) 11... Nxe4 12. Nxe4 Nf6 13. Nxf6+ Qxf6 14. Be3 Rfd8 15. Qe2 Qg6 16. Rfc1 Bb6 17. c5 Bc7 18. Bf3 Rd7 19. Rd1 a5 20. Rac1 Rad8 21. Rd2 h6 22. a4 Rb8 23. Bf2 (23. Qg2 $11) 23... Bxf4 $1 24. Bh5 Qg5 (24... Bxd2 $17 25. Bxg6 Bxc1 26. Bxf5 exf5) 25. h4 Bxd2 26. hxg5 Bxc1 27. gxh6 Bxh6 28. Qe1 $2 (28. g4 $1 $11 {and White stays safe.} g6 29. gxf5 gxh5 30. Bg3 (30. fxe6 Rd5 $11)) 28... Ra8 29. Bd1 Bg5 30. b4 axb4 31. Qxb4 Bd3 32. g4 Bf6 33. Be3 g6 34. g5 Bg7 35. Bg4 Ba6 36. Qb3 Re8 37. Qd1 Red8 38. Qb3 Bxd4 39. Bxe6 Bxe3+ ({Stronger than} 39... fxe6 40. Qxe6+ Rf7 41. Bxd4 $11) 40. Qxe3 Rd1+ $19 0-1

[Event "XVII Juros Svente 2020-A"]
[Site "Klaipeda"]
[Date "2020.07.23"]
[Round "4.10"]
[White "Januseviciute, Donata"]
[Black "Savicevs, Arsenijs"]
[Result "0-1"]
[ECO "E01"]
[WhiteElo "1520"]
[BlackElo "1578"]
[Annotator "NA RC"]
[PlyCount "74"]
[EventDate "2020.07.20"]
[EventType "tourn"]
[EventCountry "LTU"]
[SourceTitle "playchess.com"]
[Source "ChessBase"]
[SourceQuality "1"]
[TimeControl "40/5400+30:1800+30"]

1. d4 Nf6 2. c4 e6 3. g3 d5 4. Bg2 c5 5. cxd5 Nxd5 6. Nc3 Nc6 7. Nxd5 exd5 8. Nf3 cxd4 9. O-O Bc5 10. a3 O-O 11. b4 Bb6 12. Bb2 Qf6 13. b5 Ne5 14. Nxe5 Qxe5 15. e3 Qe8 16. a4 dxe3 17. Qxd5 exf2+ 18. Kh1 Qe3 19. a5 Be6 20. Qxb7 Rab8 21. Qf3 Qxf3 22. Bxf3 Be3 23. b6 f5 24. Be5 Rbd8 25. Ra3 Bc4 26. Kg2 Bxf1+ 27. Kxf1 Bc5 28. Rc3 axb6 29. Bf4 Rfe8 30. Rxc5 bxc5 31. a6 Ra8 32. Bd5+ Kh8 33. Bxa8 Rxa8 34. Be3 c4 35. a7 c3 36. Kxf2 c2 37. Kf3 Rxa7 0-1

[Event "XVII Juros Svente 2020-A"]
[Site "Klaipeda"]
[Date "2020.07.23"]
[Round "4.11"]
[White "Ullrich, Karol"]
[Black "Milovs, Daniels"]
[Result "1/2-1/2"]
[ECO "C05"]
[WhiteElo "1404"]
[BlackElo "1555"]
[Annotator "NA RC"]
[PlyCount "74"]
[EventDate "2020.07.20"]
[EventType "tourn"]
[EventCountry "LTU"]
[SourceTitle "playchess.com"]
[Source "ChessBase"]
[SourceQuality "1"]
[TimeControl "40/5400+30:1800+30"]

1. e4 e6 2. d4 d5 3. Nd2 Nf6 4. e5 Nfd7 5. Bd3 c5 6. c3 Nc6 7. Ne2 Qb6 8. Nf3 cxd4 9. cxd4 f6 10. exf6 Nxf6 11. O-O Bd6 12. Nc3 O-O 13. Re1 Bd7 14. Bg5 Rae8 15. Re2 Ng4 16. h3 Rxf3 17. gxf3 Nh2 18. f4 Nf3+ 19. Kg2 Ncxd4 20. Re3 h6 21. Rxf3 Nxf3 22. Qxf3 hxg5 23. Re1 Bxf4 24. Qh5 Qd4 25. Bg6 Rc8 26. Bf7+ Kf8 27. Rxe6 Bxe6 28. Bxe6 Rc7 29. Qh8+ Ke7 30. Qg8 Rxc3 31. Qf7+ Kd6 32. Qd7+ Kc5 33. bxc3 Qe4+ 34. Kg1 Qe1+ 35. Kg2 Qe4+ 36. Kg1 Qb1+ 37. Kg2 Qe4+ 1/2-1/2

[Event "XVII Juros Svente 2020-A"]
[Site "Klaipeda"]
[Date "2020.07.23"]
[Round "4.12"]
[White "Barsciauskas, Gintautas"]
[Black "Kozlov, Mikhail D."]
[Result "1-0"]
[ECO "B22"]
[WhiteElo "1575"]
[BlackElo "1070"]
[Annotator "NA RC"]
[PlyCount "85"]
[EventDate "2020.07.20"]
[EventType "tourn"]
[EventCountry "LTU"]
[SourceTitle "playchess.com"]
[Source "ChessBase"]
[SourceQuality "1"]
[TimeControl "40/5400+30:1800+30"]

1. e4 c5 2. c3 d6 3. d4 cxd4 4. cxd4 Nc6 5. Nc3 Nf6 6. Nf3 Bg4 7. Be2 g6 8. h3 Bxf3 9. Bxf3 Bg7 10. O-O O-O 11. g3 Qb6 12. Ne2 Nd7 13. d5 Nce5 14. Bg2 Nc4 15. Rb1 Nc5 16. b3 f5 17. Qc2 Ne5 18. Be3 Rac8 19. Qd1 Qa6 20. Bxc5 Rxc5 21. a4 b5 22. axb5 Rxb5 23. Nd4 Rb4 24. exf5 Rxd4 25. Qe1 Rxf5 26. f4 Qb6 27. Kh2 Nf7 28. Qxe7 Rd2 29. Rbc1 Qa6 30. Rfe1 Ne5 31. fxe5 Rff2 32. Qe6+ Kh8 33. Rc8+ Rf8 34. Rxf8+ Bxf8 35. Qf6+ Kg8 36. Rf1 Qc8 37. Qf7+ Kh8 38. Qxf8+ Qxf8 39. Rxf8+ Kg7 40. Ra8 dxe5 41. Rxa7+ Kh6 42. Re7 Rb2 43. d6 1-0

[Event "XVII Juros Svente 2020-A"]
[Site "Klaipeda"]
[Date "2020.07.24"]
[Round "5.2"]
[White "Juksta, Karolis"]
[Black "Vardanyan, Aras"]
[Result "1-0"]
[ECO "A57"]
[WhiteElo "2366"]
[BlackElo "2178"]
[Annotator "ChessBase"]
[PlyCount "59"]
[EventDate "2020.07.20"]
[EventType "tourn"]
[EventCountry "LTU"]
[SourceTitle "playchess.com"]
[Source "ChessBase"]
[SourceQuality "1"]
[TimeControl "40/5400+30:1800+30"]

1. d4 Nf6 2. c4 c5 3. d5 b5 4. cxb5 a6 5. e3 axb5 6. Bxb5 Qa5+ 7. Nc3 Bb7 8. Bd2 Qb6 9. Nf3 Nxd5 10. a4 e6 11. O-O Be7 12. e4 Nxc3 13. Bxc3 O-O 14. Ne5 d5 15. exd5 exd5 16. Re1 Bf6 17. Rc1 d4 18. Bd2 Ba6 19. Qf3 Ra7 20. Nc4 Qb7 21. Qxb7 Rxb7 22. Na5 Rc7 23. Bf4 Re7 24. Bxb8 Bxb5 25. axb5 Rxb8 26. Nc6 Rbb7 27. Nxe7+ Bxe7 28. b4 d3 29. Rxc5 g6 30. Rd5 1-0

[Event "XVII Juros Svente 2020-A"]
[Site "Klaipeda"]
[Date "2020.07.24"]
[Round "5.3"]
[White "Stremavicius, Pijus"]
[Black "Jablokov, Dmitrij"]
[Result "1-0"]
[ECO "A05"]
[WhiteElo "2163"]
[BlackElo "1962"]
[Annotator "ChessBase"]
[PlyCount "130"]
[EventDate "2020.07.20"]
[EventType "tourn"]
[EventCountry "LTU"]
[SourceTitle "playchess.com"]
[Source "ChessBase"]
[SourceQuality "1"]
[TimeControl "40/5400+30:1800+30"]

1. Nf3 Nf6 2. c4 g6 3. Nc3 d5 4. cxd5 Nxd5 5. Qb3 Nb6 6. d4 Bg7 7. Bf4 O-O 8. Rd1 c6 9. e4 Bg4 10. Be2 N8d7 11. O-O Nf6 12. h3 Be6 13. Qc2 Qc8 14. b3 h6 15. Rfe1 g5 16. Bh2 Rd8 17. Ne5 Nfd7 18. Nc4 Nf8 19. Nxb6 axb6 20. Na4 Bxd4 21. Rxd4 Rxd4 22. Nxb6 Qd8 23. Nxa8 Qxa8 24. Be5 Rd8 25. Ba1 Ng6 26. Bf1 Qa5 27. Qc3 Qxc3 28. Bxc3 Nf4 29. Kh2 Rd7 30. g3 Nd3 31. Re2 f6 32. Rd2 Nc5 33. Rxd7 Bxd7 34. f3 Kf7 35. g4 b5 36. h4 Be6 37. Kg3 Bc8 38. h5 Be6 39. Be2 Bd7 40. Bb4 Na6 41. Bd2 Be6 42. Kf2 Ke8 43. Ke3 Kd7 44. Bd3 Nc5 45. Bb1 Na6 46. Bc3 Kd6 47. Bd3 Bd7 48. e5+ fxe5 49. b4 Be6 50. a4 Nc7 51. Ke4 Bd5+ 52. Kf5 e6+ 53. Kf6 Bxf3 54. Bxe5+ Kd7 55. axb5 Bxg4 56. Kg6 Nd5 57. bxc6+ Kxc6 58. b5+ Kc5 59. Kxh6 Nf4 60. Bxf4 gxf4 61. Kg5 Bxh5 62. Kxh5 e5 63. Kg4 e4 64. Bf1 f3 65. Kf4 Kd5 1-0

[Event "XVII Juros Svente 2020-A"]
[Site "Klaipeda"]
[Date "2020.07.24"]
[Round "5.5"]
[White "Pidluznij, Gleb"]
[Black "Kaunas, Kestutis"]
[Result "1-0"]
[ECO "B03"]
[WhiteElo "2042"]
[BlackElo "2178"]
[Annotator "ChessBase"]
[PlyCount "113"]
[EventDate "2020.07.20"]
[EventType "tourn"]
[EventCountry "LTU"]
[SourceTitle "playchess.com"]
[Source "ChessBase"]
[SourceQuality "1"]
[TimeControl "40/5400+30:1800+30"]

1. e4 Nf6 2. e5 Nd5 3. d4 d6 4. c4 Nb6 5. exd6 exd6 6. Nc3 Be7 7. Bd3 Nc6 8. Nge2 Bg4 9. Be3 Nb4 10. Bb1 c5 11. b3 Nc6 12. f3 Bh5 13. d5 Ne5 14. O-O Bg6 15. Ng3 Bxb1 16. Rxb1 O-O 17. Nf5 Qd7 18. Nxe7+ Qxe7 19. Re1 Qf6 20. Qd2 Qg6 21. Kh1 Rae8 22. Bf4 Nbd7 23. Re3 a6 24. Rbe1 f5 25. Bxe5 dxe5 26. Na4 h6 27. Nb2 e4 28. Nd1 Nf6 29. Nf2 f4 30. Rxe4 Nxe4 31. Nxe4 b6 32. d6 Qe6 33. Rd1 Rd8 34. a4 a5 35. Qc3 Rf5 36. Rd3 Qe5 37. Qc1 Qe6 38. Qd2 Kf7 39. d7 Ke7 40. Rd6 Qe5 41. h3 Rf7 42. Rxb6 Rxd7 43. Qxa5 Rf5 44. Rc6 Qd4 45. Qb6 Re5 46. Rc7 Rxc7 47. Qxc7+ Kf8 48. Qc8+ Kf7 49. Qg4 Rxe4 50. Qf5+ Kg8 51. Qxe4 Qd1+ 52. Kh2 Qxb3 53. a5 Qa3 54. Qa8+ Kf7 55. Qb7+ Kf6 56. a6 Qa2 57. a7 1-0

[Event "XVII Juros Svente 2020-A"]
[Site "Klaipeda"]
[Date "2020.07.24"]
[Round "5.6"]
[White "Greicius, Pijus"]
[Black "Tolmacevs, Artjoms"]
[Result "1-0"]
[ECO "A43"]
[WhiteElo "1893"]
[BlackElo "1610"]
[Annotator "NA RC"]
[PlyCount "51"]
[EventDate "2020.07.20"]
[EventType "tourn"]
[EventCountry "LTU"]
[SourceTitle "playchess.com"]
[Source "ChessBase"]
[SourceQuality "1"]
[TimeControl "40/5400+30:1800+30"]

1. d4 Nf6 2. Nf3 c5 3. d5 g6 4. Nc3 d6 5. e4 Bg7 6. Bb5+ Nbd7 7. a4 {[%emt 0:00:11] A43: Schmid Benoni.} a6 8. Bd3 O-O 9. h3 Re8 10. Bf4 b6 11. O-O Bb7 12. Re1 Nf8 13. Bc4 e5 14. dxe6 Nxe6 {[%emt 0:00:13] [#]} 15. Qxd6 $146 ({Predecessor:} 15. Bxd6 Nd4 16. Nxd4 Qxd6 17. Nf3 Qxd1 18. Raxd1 Nxe4 19. Rd7 Bxc3 20. bxc3 Reb8 21. Bxf7+ {1-0 (31) Beaumont,C (2306)-Helbig,P (2172) Bristol 2009}) 15... Nd4 16. Nxd4 ({White should play} 16. Ng5 Qxd6 17. Bxf7+ (17. Bxd6 Nxc2 18. e5 Nh5 $16) 17... Kh8 18. Bxd6) 16... Qxd6 17. Bxd6 cxd4 18. Nd5 Nxe4 19. Bb4 b5 (19... a5 $14) 20. axb5 axb5 21. Rxa8 Bxa8 22. Bb3 Bf8 $2 (22... Bb7 $16) 23. Bxf8 Bxd5 (23... Kxf8 $142 24. Nc7 {[%mdl 64] Double Attack} Rc8) 24. Bxd5 Kxf8 $18 25. Rxe4 Rc8 26. Bb3 1-0

[Event "XVII Juros Svente 2020-A"]
[Site "Klaipeda"]
[Date "2020.07.24"]
[Round "5.8"]
[White "Zirnovas, Martynas"]
[Black "Savicevs, Arsenijs"]
[Result "0-1"]
[ECO "B90"]
[WhiteElo "1801"]
[BlackElo "1578"]
[Annotator "NA"]
[PlyCount "72"]
[EventDate "2020.07.20"]
[EventType "tourn"]
[EventCountry "LTU"]
[SourceTitle "playchess.com"]
[Source "ChessBase"]
[SourceQuality "1"]
[TimeControl "40/5400+30:1800+30"]

1. e4 c5 2. Nf3 d6 3. d4 cxd4 4. Nxd4 Nf6 5. Nc3 a6 6. Bc4 e6 7. Bg5 Be7 8. O-O O-O 9. Qf3 {[%emt 0:04:33] B95: Sicilian Najdorf: 6 Bg5 e6, unusual White 7th moves.} Nbd7 {[%emt 0:00:57] [#]} 10. Qe3 $146 ({Predecessor:} 10. Qe2 h6 11. Be3 Ne5 12. Bb3 Qc7 13. f4 Neg4 14. Kh1 Nxe3 15. Qxe3 Qc5 16. Rad1 {1-0 (68) Huang,R (2281)-Peng,S (2388) Daqing 2018}) 10... Ne5 11. Bb3 b5 12. Kh1 b4 13. Nce2 Bb7 14. f3 Ng6 15. Bxe6 fxe6 16. Nxe6 {[%emt 0:00:11] Double Attack} Qd7 17. Nxf8 Rxf8 18. Rad1 Qc7 19. Nd4 Rb8 20. Qb3+ Kh8 21. Nf5 d5 22. Nxe7 ({Reject} 22. exd5 $6 Bxd5 23. Qa4 Bc6 $11) 22... Qxe7 23. exd5 Qd6 24. Bxf6 gxf6 25. Rfe1 Nf4 26. Qa4 (26. Re4 $18 {is more deadly.} Nxd5 27. Red4) 26... Bxd5 27. c4 bxc3 28. bxc3 Qc7 29. Qxa6 Qg7 30. Rd2 Nxg2 {[%emt 0:01:11] [#]} 31. Qd6 $1 Rg8 32. Rg1 Bxf3 33. Qg3 Nf4+ 34. Rgg2 Bxg2+ 35. Rxg2 Nxg2 36. Kxg2 Qb7+ 0-1

[Event "XVII Juros Svente 2020-A"]
[Site "Klaipeda"]
[Date "2020.07.24"]
[Round "5.9"]
[White "Pocius, Vaclovas"]
[Black "Barsciauskas, Gintautas"]
[Result "0-1"]
[ECO "B18"]
[WhiteElo "1714"]
[BlackElo "1575"]
[Annotator "NA RC"]
[PlyCount "92"]
[EventDate "2020.07.20"]
[EventType "tourn"]
[EventCountry "LTU"]
[SourceTitle "playchess.com"]
[Source "ChessBase"]
[SourceQuality "1"]
[TimeControl "40/5400+30:1800+30"]

1. Nc3 d5 2. d4 c6 3. e4 dxe4 4. Nxe4 Bf5 5. Ng3 Bg6 6. h4 h6 7. h5 Bh7 8. Nf3 e6 9. Bd3 Bxd3 10. Qxd3 Nf6 11. Ne4 Nbd7 12. Bf4 Nxe4 13. Qxe4 Nf6 14. Qe2 Be7 15. c3 O-O 16. Ne5 Qd5 17. f3 c5 18. g4 Nh7 19. O-O-O Qxa2 20. dxc5 Qa1+ 21. Kd2 Qxb2+ 22. Ke1 Qxc3+ 23. Bd2 Qb2 24. f4 Rad8 25. c6 bxc6 26. g5 hxg5 27. h6 g6 28. Nxg6 Rfe8 29. Ne5 Bf6 30. Nxf7 Kxf7 31. Qh5+ Kg8 32. Rg1 Kh8 33. fxg5 Qe5+ 34. Kf1 Qf5+ 35. Ke2 Qd3+ 36. Ke1 Qe4+ 37. Kf1 Qf5+ 38. Ke2 Rg8 39. Qf7 Rdf8 40. Qxa7 Nxg5 41. Rdf1 Qe4+ 42. Kd1 Bd4 43. Qe7 Re8 44. Qd7 Bxg1 45. Rxg1 Qb1+ 46. Bc1 Rd8 0-1

[Event "XVII Juros Svente 2020-A"]
[Site "Klaipeda"]
[Date "2020.07.24"]
[Round "5.10"]
[White "Piksrys, Rutenis"]
[Black "Aleidzans, Vadims"]
[Result "1/2-1/2"]
[ECO "A05"]
[WhiteElo "1532"]
[BlackElo "1346"]
[Annotator "NA RC"]
[PlyCount "64"]
[EventDate "2020.07.20"]
[EventType "tourn"]
[EventCountry "LTU"]
[SourceTitle "playchess.com"]
[Source "ChessBase"]
[SourceQuality "1"]
[TimeControl "40/5400+30:1800+30"]

1. Nf3 Nf6 2. g3 g6 3. Bg2 Bg7 4. O-O O-O 5. d3 d6 6. e4 c5 7. a4 Nc6 8. c3 e6 9. Na3 Qd7 10. Nc4 Qc7 11. Bf4 e5 12. Bg5 Be6 13. Nfd2 h6 14. Be3 b6 15. h3 d5 16. exd5 Nxd5 17. Qe2 Rad8 18. Rac1 f5 19. f4 exf4 20. Bxd5 Bxd5 21. Bxf4 Qd7 22. Rcd1 Rfe8 23. Qf2 Ne5 24. Nxe5 Bxe5 25. Bxe5 Rxe5 26. d4 cxd4 27. Qxd4 Re2 28. Rf2 Rxf2 29. Kxf2 f4 30. g4 Qe7 31. Nf3 Kh7 32. c4 Bxf3 1/2-1/2

[Event "XVII Juros Svente 2020-A"]
[Site "Klaipeda"]
[Date "2020.07.24"]
[Round "5.12"]
[White "Scekaciov, Rostislav"]
[Black "Ullrich, Karol"]
[Result "1/2-1/2"]
[ECO "A06"]
[WhiteElo "1458"]
[BlackElo "1404"]
[Annotator "NA RC"]
[PlyCount "101"]
[EventDate "2020.07.20"]
[EventType "tourn"]
[EventCountry "LTU"]
[SourceTitle "playchess.com"]
[Source "ChessBase"]
[SourceQuality "1"]
[TimeControl "40/5400+30:1800+30"]

1. Nf3 d5 2. g3 Nf6 3. Bg2 Bg4 4. O-O e6 5. d3 Bd6 6. Nbd2 O-O 7. Re1 Re8 8. e4 dxe4 9. dxe4 Nc6 10. h3 Bxf3 11. Nxf3 e5 12. c3 h6 13. Qc2 Qe7 14. Nh4 Rad8 15. Nf5 Qe6 16. Be3 Ne7 17. Nxd6 Rxd6 18. Red1 Red8 19. b3 Rxd1+ 20. Rxd1 Rxd1+ 21. Qxd1 Nc6 22. Qd3 Qe7 23. Qb5 Nd8 24. Bc5 Qe6 25. Be3 Qd6 26. Qc5 Qxc5 27. Bxc5 Nc6 28. Be3 Nd7 29. Bf1 a6 30. Kg2 Kf8 31. f4 Ke7 32. Kf3 Kf6 33. f5 h5 34. g4 hxg4+ 35. hxg4 g6 36. g5+ Ke7 37. f6+ Kd6 38. a4 Nd8 39. b4 c6 40. Bc4 Kc7 41. Bc5 Nxc5 42. bxc5 a5 43. Ke3 Kd7 44. Kd3 Ne6 45. Bxe6+ Kxe6 46. c4 Kd7 47. Kc3 Kc7 48. Kb3 b6 49. cxb6+ Kxb6 50. Kc2 c5 51. Kd3 1/2-1/2